Map: Romanticide LE

Players

ForJumy

  • Race: Protoss Protoss

Hellraiser - Winner!

  • Race: Protoss Protoss

Event: DreamHack SC2 Masters 2021 Winter

VOD

Have the link to the VOD?

Description

Time

  • Played on: Oct. 9, 2021, 12:30 p.m.
  • Length: 7:24

All games in this series

Show
View Real Time Build Order
Export as new Build Order

ForJumy Protoss 

Build Orders:  

Get SALT Encoding   

  12  0:00  Probe  
  13  0:12  Probe  
  14  0:17  Pylon  
  14  0:24  Probe  
  15  0:36  Probe (Chrono Boost)  
  15  0:37  Gateway  
  16  0:47  Assimilator, Probe (Chrono Boost)  
  17  0:52  Probe (Chrono Boost)  
  17  0:56  Assimilator  
  18  1:03  Probe (Chrono Boost)  
  19  1:09  Gateway  
  19  1:14  Probe (Chrono Boost)  
  20  1:19  Probe  
  21  1:26  Cybernetics Core  
  21  1:31  Probe  
  22  1:38  Pylon  
  22  1:43  Probe  
  23  1:56  Probe  
  24  2:02  Stalker x2  
  24  2:05  Warp Gate  
  28  2:10  Probe  
  29  2:17  Pylon  
  29  2:50  Sentry x2  
  33  2:51  Nexus  
  33  2:53  Probe  
  33  3:05  Probe  
  33  3:13  Twilight Council  
  33  3:18  Probe  
  34  3:28  Pylon  
  34  3:30  Probe  
  35  3:42  Probe  
  36  3:51  Nexus  
  36  3:53  Sentry  
  36  3:54  Probe (Chrono Boost)  
  39  4:03  Probe (Chrono Boost)  
  39  4:06  Probe (Chrono Boost)  
  39  4:09  Blink  
  40  4:17  Stalker  
  35  4:34  Probe (Chrono Boost)  
  35  4:37  Probe (Chrono Boost)  
  37  4:43  Probe (Chrono Boost)  
  37  4:44  Probe (Chrono Boost)  
  39  4:50  Stalker  
  41  4:53  Probe  
  41  4:56  Probe  
  43  5:05  Probe (Chrono Boost)  
  44  5:08  Probe (Chrono Boost)  
  44  5:10  Phoenix, Probe (Chrono Boost)  
  44  5:13  Forge  
  46  5:17  Probe (Chrono Boost)  
  46  5:20  Probe (Chrono Boost)  
  49  5:24  Probe (Chrono Boost)  
  49  5:26  Probe (Chrono Boost)  
  51  5:28  Probe (Chrono Boost)  
  51  5:32  Probe (Chrono Boost)  
  54  5:35  Probe (Chrono Boost)  
  54  5:37  Probe x2 (Chrono Boost)  
  54  5:39  Stalker  
  54  5:40  Stalker  
  59  5:43  Probe  
  59  5:47  Probe  
  59  5:48  Probe  
  62  5:55  Probe  
  63  5:59  Robotics Facility, Probe  
  63  6:00  Probe  
  65  6:04  Phoenix  
  65  6:07  Probe  
  65  6:08  Gateway  
  65  6:11  Gateway, Probe  
  66  6:13  Probe  
  68  6:19  Probe  
  68  6:23  Probe x2  
  68  6:25  Dark Shrine  
  71  6:30  Pylon  
  71  6:31  Probe x2  
  71  6:32  Probe  
  72  6:39  Nexus, Probe  
  74  6:44  Probe  
  74  6:45  Pylon  
  76  6:48  Probe  
  76  6:49  Observer  
  78  6:54  Stalker x2  
  78  7:02  Probe  
  78  7:04  Stalker  
  77  7:10  Stalker  
  65  7:17  Stalker  
Show
View Real Time Build Order
Export as new Build Order

Hellraiser Protoss - Winner!

Build Orders: Oracle Opening 

Get SALT Encoding   

  12  0:00  Probe  
  13  0:12  Probe  
  14  0:20  Pylon  
  14  0:24  Probe  
  15  0:38  Probe (Chrono Boost)  
  15  0:39  Gateway  
  16  0:47  Probe (Chrono Boost)  
  16  0:49  Assimilator  
  17  0:52  Probe  
  18  1:04  Probe  
  19  1:12  Assimilator  
  19  1:13  Pylon  
  19  1:16  Probe  
  20  1:26  Cybernetics Core  
  20  1:28  Zealot  
  20  1:30  Probe (Chrono Boost)  
  24  1:47  Probe (Chrono Boost)  
  24  1:52  Probe (Chrono Boost)  
  25  2:04  Adept, Probe  
  25  2:06  Stargate  
  29  2:27  Nexus  
  28  2:37  Pylon  
  28  2:43  Void Ray (Chrono Boost), Pylon  
  31  3:04  Shield Battery  
  31  3:10  Probe  
  30  3:16  Oracle (Chrono Boost)  
  33  3:22  Forge  
  33  3:23  Probe  
  34  3:37  Robotics Facility  
  34  3:38  Probe (Chrono Boost)  
  34  3:40  Probe (Chrono Boost)  
  36  3:48  Void Ray  
  36  3:50  Probe (Chrono Boost)  
  36  3:52  Probe (Chrono Boost)  
  42  3:56  Probe  
  42  4:01  Probe  
  44  4:08  Probe  
  45  4:13  Probe  
  46  4:20  Probe  
  47  4:25  Probe  
  47  4:30  Observer (Chrono Boost)  
  49  4:32  Probe  
  49  4:34  Assimilator  
  49  4:35  Assimilator  
  54  4:39  Probe, Pylon  
  54  4:44  Probe  
  52  4:49  Nexus  
  52  4:53  Probe, Pylon  
  52  4:56  Probe  
  52  4:59  Immortal (Chrono Boost)  
  54  5:05  Probe  
  59  5:08  Probe  
  59  5:11  Stargate  
  60  5:18  Probe (Chrono Boost)  
  60  5:21  Probe (Chrono Boost)  
  62  5:28  Pylon  
  62  5:32  Void Ray (Chrono Boost)  
  62  5:33  Probe (Chrono Boost)  
  62  5:35  Probe (Chrono Boost)  
  68  5:38  Probe (Chrono Boost)  
  68  5:41  Probe (Chrono Boost)  
  70  5:45  Immortal (Chrono Boost)  
  74  5:50  Probe  
  74  5:51  Shield Battery  
  74  5:53  Void Ray (Chrono Boost)  
  74  5:55  Probe  
  76  6:00  Pylon  
  76  6:03  Probe  
  81  6:04  Probe  
  81  6:07  Probe  
  83  6:15  Probe  
  83  6:16  Void Ray (Chrono Boost), Probe  
  89  6:19  Probe  
  89  6:20  Void Ray (Chrono Boost)  
  90  6:25  Assimilator  
  90  6:27  Probe  
  90  6:29  Assimilator  
  90  6:32  Probe x2  
  98  6:40  Probe  
  98  6:44  Probe x2  
  100  6:48  Fleet Beacon  
  100  6:52  Probe  
  101  7:02  Pylon  
  101  7:03  Pylon  
  101  7:06  Probe x2  
  101  7:20  Stargate  

Tags
 
Add a new tag
Caveats
  • Supply blocks, unpowered buildings, or Contaminate may cause inaccurate times.
  • Supply counts are checked every 10 seconds.